 Dungeon Sprint DCSS version 0.27-a0-597-g524d869a0f (webtiles) character file.

Game seed: 5277263735904761908

40437 rocky1 the Unseen (level 14, -2/142 HPs)
             Began as a Naga Earth Elementalist on Mar 12, 2021.
             Was the Champion of Cheibriados.
             Slain by a sixfirhy (11 damage)
             ... in the Dungeon (Sprint VII: "The Pits").
             The game lasted 00:32:25 (6228 turns).

rocky1 the Unseen (Naga Earth Elementalist)         Turns: 6228, Time: 00:32:27

Health: -2/142     AC: 12    Str: 25    XL:     14   Next: 11%
Magic:  26/31      EV: 20    Int: 43    God:    Cheibriados [******]
Gold:   60         SH:  0    Dex: 31    Spells: 24/39 levels left

rFire    + + .     SeeInvis +   g - +2 morningstar (vorpal)
rCold    . . .     Faith    .   (no shield)
rNeg     . . .     Spirit   .   o - +2 leather armour {rF+}
rPois    +         Reflect  .   (no helmet)
rElec    .         Harm     .   u - +0 cloak
rCorr    .         Rampage  .   t - +0 pair of gloves
Will     +....     NoTele   +   (no barding)
Stlth    ++++++++..             (no amulet)
HPRegen  0.33/turn              F - +6 ring of intelligence
MPRegen  0.22/turn              v - ring "Dabijat" {rF+ Int+2 Dex+3 Slay+4 SInv}

@: very slightly contaminated, invisible, very slow
A: large, see invisible, deformed body, poison resistance, slowness 2, spit
poison 1, naga tail 2, AC +4
a: Spit Poison, Renounce Religion, Bend Time, Temporal Distortion, Slouch, Step
From Time


You were in the Dungeon.
You worshipped Cheibriados.
Cheibriados was exalted by your worship.
You visited 1 branch You collected 60 gold pieces.

Inventory:

Hand Weapons
 g - a +2 vorpal morningstar (weapon)
 l - a +2 quarterstaff
 m - a +1 long sword of flaming
 n - a +1 flail of protection
 q - a +1 broad axe of freezing
 r - a +2 scimitar of holy wrath
 s - a +2 rapier of draining
 G - the +4 hand axe "Litob" {freeze, SInv}
   (You took it off a spriggan druid in the Dungeon)

   It has been specially enchanted to freeze those struck by it, causing extra
   injury to most foes and up to half again as much damage against particularly
   susceptible opponents.
   It can also slow down cold-blooded creatures.
   It lets you see invisible.
Missiles
 b - 57 stones
Armour
 i - a +2 plate armour of fire resistance
 o - a +2 leather armour of fire resistance (worn)
 t - a +0 pair of gloves (worn)
 u - a +0 cloak (worn)
 E - the +3 leather armour "Duclifru" {rN+}
   (You found it in the Dungeon)

   It protects you from negative energy.
Jewellery
 c - a +3 ring of dexterity
 f - a +3 ring of evasion
 v - the ring "Dabijat" (left hand) {rF+ Int+2 Dex+3 Slay+4 SInv}
   (You found it in the Dungeon)

   [ring of slaying]

   It affects your intelligence (+2).
   It affects your dexterity (+3).
   It affects your accuracy and damage with ranged weapons and melee attacks
   (+4).
   It protects you from fire.
   It lets you see invisible.
 x - an amulet of guardian spirit
 y - an amulet of faith
 D - a ring of protection from cold
 F - a +6 ring of intelligence (right hand)
Scrolls
 j - 5 scrolls of amnesia
 k - a scroll of summoning
 w - 5 scrolls of identify
 z - 3 scrolls of enchant weapon
 B - a scroll of fear
 C - a scroll of fog
Potions
 a - a potion of invisibility
 d - 10 potions of curing
 e - 4 potions of heal wounds
 h - 2 potions of might
 p - 5 potions of brilliance
Miscellaneous
 H - a phantom mirror
 I - a tin of tremorstones (2/2)


   Skills:
 + Level 13.9 Fighting
 + Level 12.9 Maces & Flails
 - Level 10.1 Armour
 - Level 10.4 Dodging
 - Level 19.1 Stealth
 + Level 13.0 Spellcasting
 + Level 4.2 Conjurations
 - Level 1.0 Transmutations
 + Level 16.3 Earth Magic
 - Level 14.1 Invocations


You had 24 spell levels left.
You knew the following spells:

 Your Spells              Type           Power      Damage    Failure   Level
a - Sandblast             Erth           100%       2d20      0%          1
b - Stone Arrow           Conj/Erth      100%       3d13      1%          3
c - Lee's Rapid Deconstr  Erth           53%        3d26*     1%          5
d - Petrify               Tmut/Erth      80%        N/A       1%          4
e - Passwall              Tmut/Erth      66%        N/A       1%          2

Your spell library contained the following spells:

 Spells                   Type           Power      Damage    Failure   Level
 Corona                   Hex            30%        N/A       1%          1
 Summon Small Mammal      Summ           100%       N/A       1%          1
 Call Imp                 Summ           27%        N/A       1%          2
 Slow                     Hex            27%        N/A       1%          2
 Leda's Liquefaction      Hex/Erth       39%        N/A       1%          4
 Call Canine Familiar     Summ           27%        N/A       3%          3
 Inner Flame              Hex/Fire       27%        N/A       3%          3
 Portal Projectile        Hex/Tloc       54%        N/A       3%          3
 Summon Guardian Golem    Hex/Summ       27%        N/A       3%          3
 Cause Fear               Hex            13%        N/A       12%         4
 Summon Ice Beast         Ice/Summ       27%        N/A       12%         4
 Summon Lightning Spire   Summ/Air       27%        N/A       12%         4


Dungeon Overview and Level Annotations

Branches:
Dungeon (1/1)

Altars:
Ashenzari
Cheibriados
Dithmenos
Elyvilon
Fedhas
Gozag
Hepliaklqana
Kikubaaqudgha
Makhleb
Nemelex Xobeh
Okawaru
Qazlal
Ru
Sif Muna
Trog
Uskayaw
Vehumet
Wu Jian
Xom
Yredelemnul
Zin
The Shining One
Beogh
Jiyva
Lugonu


Innate Abilities, Weirdness & Mutations

Your serpentine skin is tough. (AC +4)
You have supernaturally acute eyesight. (SInv)
Armour fits poorly on your strangely shaped body.
Your system is resistant to poisons. (rPois)
You cover ground very slowly.
You can spit poison.
You can use your snake-like lower body to constrict enemies.


Message History

The deep elf knight unwields a +0 longbow.
The deep elf knight wields a +0 short sword.
The deep elf knight hits you with a +0 short sword.
The sixfirhy closely misses you. The sixfirhy misses you.
The sixfirhy closely misses you. The sixfirhy completely misses you.
The deep elf knight hits you with a +0 short sword!
* * * LOW HITPOINT WARNING * * *
The sixfirhy misses you.
The deep elf knight completely misses you.
The sixfirhy hits you.
* * * LOW HITPOINT WARNING * * *
The sixfirhy shocks you!
* * * LOW HITPOINT WARNING * * *
The deep elf knight completely misses you.
The sixfirhy misses you.
You fade into invisibility!
The deep elf knight misses you. x2
You are very lightly contaminated with residual magic.
Unknown command.
You feel much better.
The deep elf knight points at you and mumbles some strange words.
The shard of ice hits you!
* * * LOW HITPOINT WARNING * * *
Unknown command.
Casting: Lee's Rapid Deconstruction (safe; 1% risk of failure)
Confirm with . or Enter, or press ? or * to list all spells.
Aiming: Lee's Rapid Deconstruction (safe; 1% risk of failure)
Press: ? - help, Dir - move target A metal wall.
The metal wall shatters!
The blast of metal fragments hits the deep elf knight!!
The deep elf knight is severely wounded.
The blast of metal fragments hits the vault guard!!!
The vault guard is severely wounded.
The sixfirhy hits you but does no damage.
The deep elf knight hits you but does no damage.
The sixfirhy hits you!
* * * LOW HITPOINT WARNING * * *
The sixfirhy shocks you!
You die...

.....+ .....+ ###++#
###++############################
.##..............)...............
.##.....)).......)....)...).....)
.##.)##############''############
.##.)# #.ep.....# .##).#
#@3o.....# .##.)# . ####..#### .
.##..# ....#........#.... ##..#
..e............... # #..#
..p.#...p....#...N ###..# +##
####..#### ##+ .....# #### .....#
######


You could see a vault guard, an orc knight, a deep elf knight (fast, invisible)
and a sixfirhy.

Vanquished Creatures
  A nagaraja (D)
  A draconian stormcaller (D)
  An emperor scorpion (D)
  3 orc warlords (D)
  An ophan (D)
  An apis (D)
  A stone giant (D)
  A green draconian (D)
  A yellow draconian (D)
  An eidolon (D)
  A fire dragon (D)
  An ice dragon (D)
  An anaconda (D)
  2 centaur warriors (D)
  2 death knights (D)
  A fire crab (D)
  4 unseen horrors (D)
  3 spriggan druids (D)
  A bog body (D)
  2 flayed ghosts (D)
  3 phantasmal warriors (D)
  10 orc knights (D)
  A deep elf zephyrmancer (D)
  A deep elf pyromancer (D)
  An elephant (D)
  A salamander (D)
  A naga mage (D)
  A black mamba (D)
  2 orange demons (D)
  A kobold demonologist (D)
  A yaktaur (D)
  2 ice devils (D)
  A demonic crawler (D)
  A komodo dragon (D)
  2 guardian mummies (D)
  A troll (D)
  A jumping spider (D)
  A tyrant leech (D)
  3 hornets (D)
  3 blink frogs (D)
  A shadow (D)
  A water elemental (D)
  A tarantella (D)
  A fire bat (D)
  12 yaks (D)
  A basilisk (D)
  2 wargs (D)
  A naga (D)
  A floating eye (D)
  A swamp drake (D)
  10 orc warriors (D)
  2 ice beasts (D)
  A black bear (D)
  A necrophage (D)
  4 wolves (D)
  An ogre (D)
  A kobold brigand (D)
  2 gnoll sergeants (D)
  An earth elemental (D)
  A scorpion (D)
  A crimson imp (D)
  A hound (D)
  A quasit (D)
  4 orc priests (D)
  An iron imp (D)
  Ijyb (D)
  An iguana (D)
  An orc wizard (D)
  A mummy (D)
  10 gnolls (D)
  An adder (D)
  An ooze (D)
  An adder skeleton (D)
  9 orcs (D)
  A bat skeleton (D)
  A goblin (D)
  A hobgoblin (D)
  2 jackals (D)
  A kobold (D)
  A ball python (D)
  A ball python skeleton (D)
  3 bats (D)
  A giant cockroach simulacrum (D)
  A leopard gecko zombie (D)
  2 rats (D)
163 creatures vanquished.

Notes
Turn   | Place    | Note
-------+----------+-------------------------------------------
     0 | D        | rocky1 the Naga Earth Elementalist began the quest for the
                  | Orb.
     0 | D        | Reached XP level 1. HP: 15/15 MP: 3/3
    21 | D        | Found a bloodstained altar of Trog.
    21 | D        | Found a shimmering blue altar of Sif Muna.
    21 | D        | Found a viscous altar of Jiyva.
    21 | D        | Found a hazy altar of Hepliaklqana.
    21 | D        | Found an opulent altar of Gozag.
    22 | D        | Found a glowing golden altar of the Shining One.
    22 | D        | Found a glowing silver altar of Zin.
    22 | D        | Found a basalt altar of Yredelemnul.
    22 | D        | Found a shimmering altar of Xom.
    22 | D        | Found an ornate altar of the Wu Jian Council.
    22 | D        | Found a sacrificial altar of Ru.
    22 | D        | Found a stormy altar of Qazlal.
    22 | D        | Found an iron altar of Okawaru.
    22 | D        | Found a sparkling altar of Nemelex Xobeh.
    22 | D        | Found a burning altar of Makhleb.
    22 | D        | Found a blossoming altar of Fedhas.
    22 | D        | Found a white marble altar of Elyvilon.
    22 | D        | Found a shadowy altar of Dithmenos.
    22 | D        | Found a snail-covered altar of Cheibriados.
    25 | D        | Found a corrupted altar of Lugonu.
    25 | D        | Found a radiant altar of Vehumet.
    26 | D        | Found an ancient bone altar of Kikubaaqudgha.
    26 | D        | Found a hide-covered altar of Uskayaw.
    26 | D        | Found a broken altar of Ashenzari.
    33 | D        | Became a worshipper of Cheibriados the Contemplative
   303 | D        | Reached * piety under Cheibriados
   323 | D        | Noticed a floating eye
   327 | D        | Killed a floating eye
   328 | D        | Reached XP level 2. HP: 22/22 MP: 5/5
   328 | D        | Reached XP level 3. HP: 28/28 MP: 6/6
   328 | D        | Reached XP level 4. HP: 36/36 MP: 7/7
   345 | D        | Reached ** piety under Cheibriados
   349 | D        | Reached *** piety under Cheibriados
   350 | D        | Reached XP level 5. HP: 42/42 MP: 5/8
   356 | D        | Learned a level 5 spell: Lee's Rapid Deconstruction
   359 | D        | Reached skill level 10 in Earth Magic
   359 | D        | Reached **** piety under Cheibriados
   538 | D        | Noticed a fire bat
   538 | D        | Noticed Ijyb
   541 | D        | Killed a fire bat
   542 | D        | Reached skill level 6 in Stealth
   542 | D        | Reached XP level 6. HP: 56/56 MP: 3/11
   543 | D        | Noticed an ice beast
   544 | D        | Reached ***** piety under Cheibriados
   547 | D        | Reached skill level 7 in Stealth
   553 | D        | Killed an ice beast
   553 | D        | Reached ****** piety under Cheibriados
   554 | D        | Reached skill level 8 in Stealth
   554 | D        | Reached skill level 5 in Invocations
   554 | D        | Reached XP level 7. HP: 22/66 MP: 7/14
   556 | D        | Killed Ijyb
   557 | D        | Reached skill level 5 in Spellcasting
   807 | D        | Reached skill level 5 in Fighting
   807 | D        | Reached skill level 9 in Stealth
   936 | D        | Noticed a tarantella
   939 | D        | Killed a tarantella
   940 | D        | Reached skill level 1 in Maces & Flails
   945 | D        | Reached skill level 10 in Stealth
   945 | D        | Reached XP level 8. HP: 67/76 MP: 4/16
  1124 | D        | Noticed a flayed ghost
  1128 | D        | Killed a flayed ghost
  1129 | D        | Reached skill level 11 in Stealth
  1345 | D        | Reached skill level 1 in Armour
  1345 | D        | Reached XP level 9. HP: 86/86 MP: 13/19
  1498 | D        | Noticed a centaur warrior
  1498 | D        | Noticed a hornet
  1500 | D        | Reached skill level 5 in Maces & Flails
  1500 | D        | Killed a hornet
  1501 | D        | Reached skill level 12 in Stealth
  1502 | D        | Killed a centaur warrior
  1502 | D        | Noticed a tyrant leech
  1517 | D        | Killed a tyrant leech
  1518 | D        | Reached XP level 10. HP: 56/98 MP: 10/22
  1530 | D        | Noticed an orange demon
  1531 | D        | Noticed a spriggan druid
  1537 | D        | Killed an orange demon
  1538 | D        | Reached skill level 13 in Stealth
  1791 | D        | Killed a spriggan druid
  1856 | D        | Learned a level 3 spell: Stone Arrow
  1861 | D        | Learned a level 4 spell: Petrify
  1864 | D        | Learned a level 2 spell: Passwall
  1893 | D        | Noticed a flayed ghost
  1893 | D        | Noticed a centaur warrior
  1895 | D        | Noticed an orc warlord
  1896 | D        | Reached skill level 5 in Dodging
  1897 | D        | Killed a centaur warrior
  1897 | D        | Killed a flayed ghost
  1898 | D        | Reached skill level 5 in Armour
  1898 | D        | Reached skill level 14 in Stealth
  1898 | D        | Reached skill level 10 in Invocations
  1901 | D        | Killed an orc warlord
  1902 | D        | Reached skill level 10 in Fighting
  1902 | D        | Reached XP level 11. HP: 108/108 MP: 3/24
  1986 | D        | Noticed an orc knight
  2000 | D        | Killed an orc knight
  2155 | D        | Reached skill level 15 in Stealth
  2454 | D        | Noticed a deep elf zephyrmancer
  2458 | D        | Killed a deep elf zephyrmancer
  2521 | D        | Got the ring "Dabijat" {rF+ Int+2 Dex+3 Slay+4 SInv}
  2524 | D        | Noticed a salamander
  2537 | D        | Noticed a phantasmal warrior
  2537 | D        | Noticed a nagaraja
  2562 | D        | Killed a nagaraja
  2563 | D        | Reached skill level 10 in Spellcasting
  2585 | D        | Killed a phantasmal warrior
  2702 | D        | Killed a salamander
  2705 | D        | Noticed an unseen horror
  2706 | D        | Noticed an unseen horror
  2713 | D        | Killed an unseen horror
  2714 | D        | Reached skill level 16 in Stealth
  2714 | D        | Reached XP level 12. HP: 65/120 MP: 14/26
  2721 | D        | Reached skill level 10 in Maces & Flails
  3372 | D        | Noticed a green draconian
  3376 | D        | Killed a green draconian
  3470 | D        | Noticed an eidolon
  3483 | D        | Reached skill level 17 in Stealth
  3485 | D        | Killed an eidolon
  3639 | D        | Noticed an ice dragon
  3639 | D        | Noticed an ophan
  3639 | D        | Noticed a yellow draconian
  3639 | D        | Noticed an apis
  3639 | D        | Noticed a stone giant
  3642 | D        | Reached skill level 15 in Earth Magic
  3643 | D        | Killed an ophan
  3643 | D        | Killed a stone giant
  3644 | D        | Gained mutation: You can use your snake-like lower body to
                  | constrict enemies. [Naga growth]
  3644 | D        | Reached XP level 13. HP: 67/130 MP: 7/28
  3644 | D        | Killed a yellow draconian
  3644 | D        | Killed an ice dragon
  3653 | D        | Killed an apis
  3654 | D        | Reached skill level 18 in Stealth
  3666 | D        | Got the +3 leather armour "Duclifru" {rN+}
  4138 | D        | Noticed a red draconian stormcaller
  4140 | D        | Killed a red draconian stormcaller
  4403 | D        | Identified the +4 hand axe "Litob" {freeze, SInv}
  4566 | D        | Noticed a fire dragon
  4571 | D        | Killed a fire dragon
  4696 | D        | Noticed an emperor scorpion
  4727 | D        | Killed an emperor scorpion
  4728 | D        | Reached skill level 19 in Stealth
  5119 | D        | Reached skill level 10 in Dodging
  5443 | D        | Noticed an orc warlord
  5443 | D        | Noticed an orc warlord
  5456 | D        | Reached skill level 1 in Conjurations
  5456 | D        | Killed an orc warlord
  5459 | D        | Killed an orc warlord
  5525 | D        | Reached skill level 10 in Armour
  5781 | D        | Reached XP level 14. HP: 142/142 MP: 19/30
  6228 | D        | Slain by a sixfirhy

Illustrated notes

Levels and vault maps discovered:
D:        pitsprint [storerooms_1, entrance_room_1, metal_vault_1, armoury_2,
          mini_pit_1, grid_room_1, main_hall_1, silver_pit, the_coven_2,
          the_vestibule_1, steel_vault_3, golden_pit, hallway_of_sentries,
          crystal_vault_5, iron_vault_4, final_vault]

Skill      XL: |  1  2  3  4  5  6  7  8  9 10 11 12 13 14 |
---------------+-------------------------------------------+-----
Earth Magic    | 9 10 11 12 13 14 15 16 | 16.3
Fighting       | 3 4 6 7 8 10 11 12 13 | 13.9
Stealth        | 6 8 10 11 12 14 16 17 19 | 19.1
Spellcasting   | 3 4 5 6 8 9 10 11 12 13 | 13.0
Invocations    | 3 5 6 7 9 10 11 12 14 | 14.1
Maces & Flails | 2 4 6 8 9 11 12 | 12.9
Armour         | 1 3 5 7 8 10 | 10.1
Dodging        | 2 4 6 7 8 10 | 10.4
Conjurations   | 3 4 |  4.2
Transmutations | |  1.0

Action                   |  1- 3 |  4- 6 |  7- 9 | 10-12 | 13-15 || total
-------------------------+-------+-------+-------+-------+-------++-------
Melee: Quarterstaff      |     6 |     5 |     2 |       |       ||    13
       Long sword        |       |       |     1 |       |       ||     1
       Flail             |       |       |     7 |    63 |    33 ||   103
       Morningstar       |       |       |       |       |    36 ||    36
       Constrict         |       |       |       |       |    14 ||    14
 Cast: Sandblast         |     4 |     9 |    10 |    12 |     3 ||    38
       Lee's Rapid Decon |       |     3 |    12 |    41 |    38 ||    94
       Stone Arrow       |       |       |       |     7 |       ||     7
       Petrify           |       |       |       |       |     2 ||     2
Invok: Slouch            |       |       |     1 |     6 |     8 ||    15
 Abil: Spit Poison       |       |       |       |       |     1 ||     1
  Use: Potion            |       |     2 |     3 |     1 |     8 ||    14
       Scroll            |       |       |       |     1 |     1 ||     2
 Stab: Sleeping          |       |       |     1 |       |       ||     1
Armor: Robe              |       |     3 |       |       |       ||     3
       Leather armour    |       |       |     3 |    30 |    37 ||    70
Dodge: Dodged            |       |     6 |     8 |    98 |   100 ||   212

Table legend: (Time is in decaauts)
 A = Elapsed time spent in this place.
 B = Non-inter-level travel time spent in this place.
 C = Inter-level travel time spent in this place.
 D = Time resting spent in this place.
 E = Time spent auto-exploring this place.
 F = Levels seen in this place.
 G = Mean time per level.
                   A        B        C        D        E       F      G
               +--------+--------+--------+--------+--------+-----+--------+
         Total |   8830 |   8338 |    492 |   4182 |      0 |   1 | 8830.0 |
       Dungeon |   8830 |   8338 |    492 |   4182 |      0 |   1 | 8830.0 |
               +--------+--------+--------+--------+--------+-----+--------+

Top non-repeatable levels by time:
       D: 8830 daAuts
